 Dungeon Sprint DCSS version 0.30-a0-121-gb27577e5d9 (webtiles) character file.

Game seed: 6140095876365335852

1246 MisterAzrael the Thaumaturge (level 8, -8/41 HPs)
             Began as a Deep Elf Earth Elementalist on Sept 15, 2022.
             Was a High Priest of Vehumet.
             Mangled by a death cob (26 damage)
             ... in the Dungeon (Sprint V: "Ziggurat Sprint").
             The game lasted 00:05:42 (1093 turns).

MisterAzrael the Thaumaturge (DEEE)                 Turns: 1093, Time: 00:05:42

Health: -8/41      AC:  3    Str:  5    XL:     8   Next: 25%
Magic:  12/28      EV: 12    Int: 35    God:    Vehumet [*****.]
Gold:   0          SH:  0    Dex: 15    Spells: 21/36 levels left

rFire   . . .      SeeInvis .    E - staff of conjuration
rCold   . . .      Faith    .    (no shield)
rNeg    . . .      Spirit   .    a - +0 robe
rPois   +          Reflect  .    (no helmet)
rElec   .          Harm     .    D - +0 cloak {rPois}
rCorr   .          Rampage  .    (no gloves)
Will    .....      NoTele   +    (no boots)
Stlth   ++........               (no amulet)
HPRegen 0.13/turn                w - +6 ring of intelligence
MPRegen 0.21/turn                x - +6 ring of intelligence

@: slowed, very slow
A: no striking features
a: Renounce Religion


You were in the Dungeon.
You worshipped Vehumet.
Vehumet was extremely pleased with you.
You visited 1 branch

Inventory:

Hand Weapons
 B - the +6 Majin-Bo {vamp, MP+6 Int+6}
   (You found it in the Dungeon)

   It heals its wielder for a portion of the damage dealt when they wound a
   living foe with it or with a spell.
   Its wielder's spells cost health as well as magical power.
   Int:       It affects your intelligence (+6).
   MP:        It affects your magic capacity (+6).
Armour
 a - a +0 robe (worn)
 D - a +0 cloak of poison resistance (worn)
Magical Staves
 E - a staff of conjuration (weapon)
Jewellery
 t - a ring of flight
 u - a +6 ring of dexterity
 v - a +6 ring of dexterity
 w - a +6 ring of intelligence (left hand)
 x - a +6 ring of intelligence (right hand)
 y - a +6 ring of strength
 z - a +6 ring of strength
 C - a ring of protection from fire
Wands
 q - a wand of mindburst (7)
 r - a wand of iceblast (7)
 s - a wand of acid (7)
Scrolls
 g - 4 scrolls of blinking
 k - 3 scrolls of brand weapon
 m - 4 scrolls of amnesia
 n - 7 scrolls of fog
 o - 5 scrolls of identify
 p - a scroll of fear
Potions
 b - 8 potions of magic
 c - 10 potions of curing
 d - 9 potions of heal wounds
 e - 6 potions of haste
 f - 3 potions of berserk rage
 h - 2 potions of brilliance
 i - a potion of invisibility
 j - 4 potions of resistance
 l - 5 potions of might
Miscellaneous
 A - a lightning rod (4/4)


   Skills:
 - Level 2.4 Dodging
 - Level 2.4 Stealth
 + Level 14.5 Spellcasting
 * Level 8.6 Conjurations
 - Level 1.1 Transmutations
 * Level 8.1 Fire Magic
 + Level 1.1 Air Magic
 - Level 11.3 Earth Magic


You had 21 spell levels left.
You knew the following spells:

 Your Spells              Type           Power      Damage    Failure   Level
a - Sandblast             Erth           100%       2d20      0%          1
b - Stone Arrow           Conj/Erth      100%       3d13      1%          3
c - Fireball              Conj/Fire      45%        3d18      1%          5
d - Conjure Ball Lightni  Conj/Air       37%        3x3d12    9%          6

Your spell library contained the following spells:

 Spells                   Type           Power      Damage    Failure   Level
 Poisonous Vapours        Pois/Air       58%        N/A       1%          2
 Passwall                 Tmut/Erth      51%        N/A       1%          2
 Inner Flame              Hex/Fire       52%        N/A       1%          3
 Petrify                  Tmut/Erth      62%        N/A       1%          4
 Iskenderun's Battlesphe  Conj           92%        2d14      1%          5
 Orb of Destruction       Conj           46%        9d12      11%         7
 Cause Fear               Hex            12%        N/A       16%         4
 Discord                  Hex            12%        N/A       100%        8


Dungeon Overview and Level Annotations

Branches:
Dungeon (1/1)

Altars:
Ashenzari
Cheibriados
Dithmenos
Elyvilon
Fedhas
Gozag
Hepliaklqana
Kikubaaqudgha
Makhleb
Nemelex Xobeh
Okawaru
Qazlal
Ru
Sif Muna
Trog
Uskayaw
Vehumet
Wu Jian
Xom
Yredelemnul
Zin
The Shining One
Jiyva
Lugonu


Message History

The fireball engulfs the draconian!
The draconian is moderately wounded.
The fireball engulfs the death cob!!
The death cob is moderately damaged.
The death cob gives a chilling moan.
Aiming: Fireball (dangerous; 1% risk of failure)
Press: ? - help, Q - select action, (/) - cycle Shift-Dir - straight line, f/p - purple draconian
Aim: a purple draconian, wielding a +0 war axe (moderately wounded)
You feel a surge of power!
The fireball explodes!
The fireball engulfs the purple draconian!!
The purple draconian is heavily wounded.
The fireball engulfs the death cob!!
The death cob is heavily damaged.
Aiming: Fireball (dangerous; 1% risk of failure)
Press: ? - help, Q - select action, (/) - cycle Shift-Dir - straight line, f/p - purple draconian
Aim: a purple draconian, wielding a +0 war axe (heavily wounded)
You feel a surge of power!
The fireball explodes!
The fireball engulfs the purple draconian!!!
The purple draconian is almost dead.
The fireball engulfs the death cob!
The death cob is severely damaged.
The death cob barely misses you.
Okay, then.
Casting: Fireball (dangerous; 1% risk of failure)
Confirm with . or Enter, or press ? or * to list all spells.
Aiming: Stone Arrow (safe; 1% risk of failure)
Press: ? - help, Shift-Dir - straight line, f/p - purple draconian
Aim: a purple draconian, wielding a +0 war axe (almost dead, 78% to hit)
You feel a surge of power!
The stone arrow misses the death cob.
The stone arrow hits the purple draconian!!
You kill the purple draconian!
Vehumet accepts your kill.
Vehumet offers you knowledge of Poisonous Vapours.
You feel your power returning. The death cob closely misses you.
The death cob hits you!!
Ouch! That really hurt!
The death cob drains your vigour!
You feel yourself slow down. The death cob hits you!!
Ouch! That really hurt!
You die...

▓..=[?..▓
▓..)||..▓
▓.......▓
▓...d...▓
▓..ddd..▓
...)...
▓.▓.z.▓.▓
▓...@...▓
▓▓▓▓▓▓▓▓▓


You could see a purple draconian, a death cob and 3 draconians.

Vanquished Creatures
  A purple draconian (D)
  A guardian mummy (D)
  2 slime creatures (D)
  A ynoxinul (D)
  A large abomination (D)
  3 scorpions (D)
  A crimson imp (D)
  3 jellies (D)
  2 orc wizards (D)
  2 mummies (D)
  A shadow imp (D)
  A bat zombie (D)
19 creatures vanquished.

Vanquished Creatures (collateral kills)
  A ball lightning (D)
1 creature vanquished.

Vanquished Creatures (others)
  7 ball lightnings (D)
7 creatures vanquished.

Grand Total: 27 creatures vanquished

Notes
Turn   | Place    | Note
-------+----------+-------------------------------------------
     0 | D        | MisterAzrael the Deep Elf Earth Elementalist began the
                  | quest for the Orb.
     0 | D        | Reached XP level 1. HP: 10/10 MP: 6/6
     0 | D        | Found a blossoming altar of Fedhas.
     0 | D        | Found the +6 Majin-Bo {vamp, MP+6 Int+6}
     0 | D        | Found the +9 heavy crossbow "Sniper" {vorpal, Acc+∞ SInv}
     0 | D        | Found the +10 dark maul {vorpal}
     0 | D        | Found the +15 Maxwell's patent armour {-Cast -Tele rElec
                  | Will+ rCorr}
     0 | D        | Found the +18 shield of the Gong {rElec rN+ Will+ EV-5}
     0 | D        | Found the +14 obsidian axe {vorpal, Mesm Drain Fly SInv}
     0 | D        | Found the +7 great mace "Firestarter" {inner flame, rF++}
     0 | D        | Found the +6 shillelagh "Devastator" {shatter}
     0 | D        | Found the +11 plutonium sword {Contam Stlth-}
     0 | D        | Found the +8 lance "Wyrmbane" {slay drac, rPois rF+ rC+
                  | AC+3}
     0 | D        | Found the +9 sword of Zonguldrok {reap}
     0 | D        | Found the +13 scythe of Curses {drain, Drain}
     0 | D        | Found the +5 sword of Power {vorpal}
     0 | D        | Found the +7 mace of Variability {chain chaos}
     0 | D        | Found the +7 Singing Sword {vorpal, sonic wave}
     0 | D        | Found the +8 storm bow {elec, penet}
     1 | D        | Found a shimmering blue altar of Sif Muna.
     1 | D        | Found a sacrificial altar of Ru.
     1 | D        | Found a bloodstained altar of Trog.
     1 | D        | Found a stormy altar of Qazlal.
     1 | D        | Found an iron altar of Okawaru.
     1 | D        | Found a sparkling altar of Nemelex Xobeh.
     3 | D        | Found a transporter.
     3 | D        | Found an ancient bone altar of Kikubaaqudgha.
     3 | D        | Found a viscous altar of Jiyva.
     3 | D        | Found a corrupted altar of Lugonu.
     3 | D        | Found a hazy altar of Hepliaklqana.
     3 | D        | Found a burning altar of Makhleb.
     3 | D        | Found an opulent altar of Gozag.
    60 | D        | Became a worshipper of Vehumet
   114 | D        | Reached skill level 7 in Spellcasting
   114 | D        | Reached XP level 2. HP: 15/15 MP: 12/12
   126 | D        | Entered arena 2.
   126 | D        | Found a transporter.
   130 | D        | Reached skill level 8 in Spellcasting
   130 | D        | Reached XP level 3. HP: 8/19 MP: 12/14
   136 | D        | Learned a level 3 spell: Stone Arrow
   280 | D        | Entered arena 3.
   280 | D        | Noticed a scorpion
   280 | D        | Noticed a scorpion
   280 | D        | Noticed a scorpion
   280 | D        | Found a transporter.
   282 | D        | Killed a scorpion
   282 | D        | Reached * piety under Vehumet
   282 | D        | Offered knowledge of Foxfire by Vehumet.
   283 | D        | Reached skill level 9 in Spellcasting
   283 | D        | Reached XP level 4. HP: 19/24 MP: 15/17
   283 | D        | Killed a scorpion
   284 | D        | Reached skill level 1 in Conjurations
   284 | D        | Reached skill level 10 in Earth Magic
   284 | D        | Reached XP level 5. HP: 28/28 MP: 13/19
   286 | D        | Reached skill level 10 in Spellcasting
   372 | D        | Learned a level 5 spell: Fireball
   379 | D        | Entered arena 4.
   379 | D        | Noticed a guardian mummy
   379 | D        | Found a transporter.
   380 | D        | Reached ** piety under Vehumet
   381 | D        | Reached skill level 1 in Fire Magic
   385 | D        | Killed a guardian mummy
   386 | D        | Reached skill level 12 in Spellcasting
   386 | D        | Reached skill level 5 in Fire Magic
   386 | D        | Reached XP level 6. HP: 4/32 MP: 4/23
   771 | D        | Learned a level 6 spell: Conjure Ball Lightning
   773 | D        | Entered arena 5.
   773 | D        | Noticed a large abomination
   773 | D        | Noticed a ynoxinul
   773 | D        | Found a transporter.
   774 | D        | Offered knowledge of Magic Dart by Vehumet.
   774 | D        | Reached *** piety under Vehumet
   775 | D        | Killed a ynoxinul
   775 | D        | Killed a large abomination
   776 | D        | Reached skill level 13 in Spellcasting
   776 | D        | Reached XP level 7. HP: 1/36 MP: 24/26
   779 | D        | Reached **** piety under Vehumet
   894 | D        | Entered arena 6.
   894 | D        | Noticed a slime creature
   894 | D        | Noticed a slime creature
   894 | D        | Found a transporter.
   900 | D        | Killed a slime creature
   901 | D        | Reached skill level 14 in Spellcasting
   905 | D        | Reached XP level 8. HP: 22/41 MP: 14/28
   906 | D        | Killed a slime creature
   907 | D        | Reached skill level 1 in Air Magic
  1089 | D        | Entered arena 7.
  1089 | D        | Noticed a purple draconian
  1089 | D        | Noticed a draconian
  1089 | D        | Noticed a death cob
  1089 | D        | Noticed a draconian
  1089 | D        | Noticed a purple draconian
  1089 | D        | Noticed a draconian
  1093 | D        | Killed a purple draconian
  1093 | D        | Offered knowledge of Poisonous Vapours by Vehumet.
  1093 | D        | Reached ***** piety under Vehumet
  1093 | D        | Mangled by a death cob

Illustrated notes

Levels and vault maps discovered:
D:        sprint_v [room_start, room_1, room_2, room_3, room_4, room_5, room_6,
          room_7, room_8, room_9, room_10, room_11, room_12, room_13, room_14,
          room_15, room_16, room_17, room_18, room_19, room_20, room_21,
          room_22, room_23, room_24, room_25, room_26, room_27]

Skill      XL: |  1  2  3  4  5  6  7  8 |
---------------+-------------------------+-----
Spellcasting   | 7 8 9 12 13 14 | 14.5
Earth Magic    | 6 7 9 10 11 | 11.3
Conjurations   | 1 4 6 7 8 |  8.6
Fire Magic     | 5 7 8 |  8.1
Air Magic      | 1 |  1.1
Dodging        | |  2.4
Stealth        | |  2.4
Transmutations | |  1.1

Action                   |  1- 3 |  4- 6 |  7- 9 || total
-------------------------+-------+-------+-------++-------
 Cast: Sandblast         |     3 |       |       ||     3
       Stone Arrow       |     2 |     6 |     1 ||     9
       Fireball          |       |     3 |     8 ||    11
       Conjure Ball Ligh |       |       |     3 ||     3
  Use: Potion            |     2 |       |     1 ||     3
       Scroll            |       |       |     1 ||     1
Dodge: Dodged            |     2 |       |     2 ||     4

Table legend: (Time is in decaauts)
 A = Elapsed time spent in this place.
 B = Non-inter-level travel time spent in this place.
 C = Inter-level travel time spent in this place.
 D = Time resting spent in this place.
 E = Time spent auto-exploring this place.
 F = Levels seen in this place.
 G = Mean time per level.
                   A        B        C        D        E       F      G
               +--------+--------+--------+--------+--------+-----+--------+
         Total |   1092 |   1092 |      0 |    842 |      0 |   1 | 1092.0 |
       Dungeon |   1092 |   1092 |      0 |    842 |      0 |   1 | 1092.0 |
               +--------+--------+--------+--------+--------+-----+--------+

Top non-repeatable levels by time:
       D: 1092 daAuts
